AoeStats
← Squirtle

Fortress

510025023Analyzed
2v2 RM · 1d ago on Sep 29, 2026· 49m 47s· 4 players
Game mode
Random Map
Map size
Normal (6 player)
Population
200
Speed
Normal
Resources
Standard
Victory
Conquest
Starting age
Dark Age
Ending age
Imperial Age
RankedLock teamsTeams togetherTeam positionsShared explorationLock speedFull tech treeHidden civsTurbo modeCheats
Victory
Defeat
🇲🇽 Saracens · Mexico
1149
+13
🇨🇱 Vietnamese · Chile
1144
+13
🇨🇳 Saracens · China
1082
-13
🇨🇳 Khmer · China
1079
-13
ming
7:55 Feudal Age
8:39 Double-Bit Axe
8:35 Horse Collar
14:02 Castle Age
13:47 Forging
13:42 Scale Barding Armor
14:50 Gold Mining
15:11 Bow Saw
16:05 Wheelbarrow
15:44 Heavy Plow
17:47 Hand Cart
18:20 Bloodlines
18:12 Husbandry
21:31 Iron Casting
25:56 Imperial Age
27:05 Siege Engineers
27:12 Siege Engineers
28:53 Chemistry
33:30 Light Cavalry
34:49 Hussar
37:34 Conscription
40:44 Blast Furnace
40:59 Onager
42:10 Onager
43:32 Onager
我才是最强白龙
7:29 Feudal Age
7:59 Horse Collar
8:06 Double-Bit Axe
13:33 Castle Age
14:30 Heavy Plow
14:41 Bow Saw
15:23 Wheelbarrow
15:44 Gold Mining
17:45 Gold Shaft Mining
18:04 Stone Mining
21:33 Hand Cart
25:09 Imperial Age
26:20 Crop Rotation
26:30 Conscription
26:02 Elite Ballista Elephant
27:33 Double Crossbow
27:47 Bloodlines
27:45 Husbandry
28:25 Ballistics
30:06 Siege Engineers
33:04 Pikeman
33:31 Arson
33:31 Light Cavalry
34:36 Forging
34:32 Scale Barding Armor
34:28 Scale Mail Armor
34:06 Halberdier
34:41 Town Watch
35:41 Stone Shaft Mining
35:12 Scale Mail Armor
34:58 Capped Ram
36:25 Iron Casting
36:08 Chain Mail Armor
36:42 Chain Barding Armor
35:56 Siege Ram
36:20 Hussar
41:12 Loom
42:37 Blast Furnace
€njøy™
0:27 Loom
7:33 Feudal Age
7:57 Horse Collar
8:05 Double-Bit Axe
13:51 Castle Age
12:39 Forging
13:50 Wheelbarrow
13:21 Gold Mining
15:09 Scale Barding Armor
21:21 Stone Mining
28:36 Imperial Age
26:51 Chain Barding Armor
27:07 Iron Casting
28:03 Heavy Plow
28:55 Gold Shaft Mining
28:44 Hand Cart
29:56 Plate Barding Armor
30:29 Blast Furnace
30:07 Caravan
30:44 Town Watch
30:35 Elite Mameluke
35:18 Counterweights
36:04 Bloodlines
35:55 Husbandry
35:44 Light Cavalry
37:31 Hussar
38:30 Onager
Squirtle
0:29 Loom
8:26 Feudal Age
12:13 Castle Age
10:33 Gold Mining
10:43 Double-Bit Axe
10:54 Horse Collar
11:41 Town Watch
12:17 Fletching
15:15 Bodkin Arrow
17:19 Wheelbarrow
19:19 Padded Archer Armor
20:39 Ballistics
22:24 Leather Archer Armor
24:52 Bow Saw
24:41 Pikeman
28:45 Imperial Age
26:28 Scale Mail Armor
27:01 Heavy Plow
27:37 Squires
28:29 Hand Cart
28:42 Forging
30:29 Chemistry
29:23 Halberdier
30:50 Herbal Medicine
32:08 Bracer
33:59 Capped Ram
37:03 Elite Rattan Archer
43:31 Paper Money
45:55 Light Cavalry
47:07 Husbandry
47:17 Bloodlines
47:13 Scale Barding Armor
47:43 Iron Casting
Connection lost

Rejoining the realm…

Still unreachable

The connection could not be restored.

Session expired

The server has moved on; the page needs a fresh start.